 Dungeon Crawl Stone Soup version 0.28-a0-794-gafe8c5f9e9 (webtiles) character file.

Game seed: 4902598940208552961

55 kae the Caller (level 3, -7/20 HPs)
             Began as a Tengu Summoner on Nov 5, 2021.
             Mangled by a worm (10 damage)
             ... on level 2 of the Dungeon.
             The game lasted 00:02:04 (3305 turns).

kae the Caller (Tengu Summoner)                     Turns: 3305, Time: 00:02:05

Health: -7/20      AC:  2    Str:  8    XL:     3   Next: 93%
Magic:  4/7        EV: 12    Int: 16    God:
Gold:   44         SH:  0    Dex: 14    Spells: 1/7 levels left

rFire   . . .      SeeInvis .   d - +0 whip
rCold   . . .      Faith    .   (no shield)
rNeg    . . .      Spirit   .   a - +0 robe
rPois   .          Reflect  .   (helmet restricted)
rElec   .          Harm     .   (no cloak)
rCorr   .          Rampage  .   (no gloves)
Will    .....                   (boots unavailable)
Stlth   ++........              (no amulet)
HPRegen 0.06/turn               (no ring)
MPRegen 0.10/turn               (no ring)

@: no status effects
A: beak, talons 3
a: no special abilities


You were on level 2 of the Dungeon.
You visited 1 branch of the dungeon, and saw 2 of its levels.

You collected 44 gold pieces.

Inventory:

Hand Weapons
 d - a +0 whip (weapon)
Armour
 a - a +0 robe (worn)


   Skills:
 + Level 1.4 Fighting
 - Level 2.1 Dodging
 - Level 2.0 Stealth
 + Level 2.5 Spellcasting
 * Level 5.7 Summonings


You had one spell level left.
You knew the following spells:

 Your Spells              Type           Power      Damage    Failure   Level
a - Summon Small Mammal   Summ           80%        N/A       1%          1
b - Call Imp              Summ           20%        N/A       2%          2
c - Call Canine Familiar  Summ           20%        N/A       5%          3

Your spell library contained the following spells:

 Spells                   Type           Power      Damage    Failure   Level
 Summon Guardian Golem    Hex/Summ       11%        N/A       19%         3
 Summon Lightning Spire   Summ/Air       11%        N/A       52%         4


Dungeon Overview and Level Annotations

Branches:
Dungeon (2/15)

Altars:


Innate Abilities, Weirdness & Mutations

You have a beak for a mouth.
You have claws for feet.


Message History

The endoplasm hits your crimson imp.
Your crimson imp barely misses the worm.
The worm bites your crimson imp!
Your crimson imp dies!
Your crimson imp disappears in a puff of smoke!
The endoplasm closely misses your quokka.
Your quokka bites the endoplasm.
The endoplasm dies!
The worm bites your quokka!
Your quokka dies!
Your quokka's corpse disappears in a puff of smoke!
Casting: Summon Small Mammal (safe; 1% risk of failure)
Confirm with . or Enter, or press ? or * to list all spells.
A beastly little devil appears in a puff of flame.
Your crimson imp blinks!
You hit the worm. You claw the worm.
The worm is lightly wounded.
The worm bites you but does no damage.
You barely miss the worm.
The worm is lightly wounded.
You hit the worm but do no damage.
The worm is lightly wounded.
The worm closely misses you.
You hit the worm but do no damage. You claw the worm!
The worm is moderately wounded.
The worm barely misses you.
You hit the worm. You claw the worm, but do no damage.
The worm is heavily wounded.
Your crimson imp hits the worm.
You hit the worm but do no damage.
The worm is severely wounded.
The worm bites you!
Ouch! That really hurt!
* * * LOW HITPOINT WARNING * * *
Your crimson imp blinks!
You hit the worm.
The worm is almost dead.
The worm bites you!
Ouch! That really hurt!
You die...

..####.......#
#...#####...# #....#
#...# #....## #...#
####..# #...#
########.###...#
.......#..##...#
.......##.##...#########
.....(....5.w@.'.....<.+
.....).##..#.ยง.####.####
....... ##.##### #.#
....... #.# #.# .....!.
#.. #+# ....... ##.#
....... .. ....... #.#


You could see a worm (ally target) and a friendly crimson imp (summoned).

Vanquished Creatures
  An adder (D:2)
  A dart slug (D:1)
  6 endoplasms
  A giant cockroach (D:2)
  4 goblins (D:1)
  2 hobgoblins (D:1)
  2 quokkas (D:1)
  2 ball pythons (D:1)
  A frilled lizard (D:2)
  5 kobolds (D:1)
  A rat (D:2)
26 creatures vanquished.

Vanquished Creatures (collateral kills)
  A bat (D:1)
  3 endoplasms
  2 hobgoblins (D:1)
  2 kobolds (D:1)
  5 ball pythons (D:1)
  A rat (D:1)
14 creatures vanquished.

Grand Total: 40 creatures vanquished

Notes
Turn   | Place    | Note
-------+----------+-------------------------------------------
     0 | D:1      | kae the Tengu Summoner began the quest for the Orb.
     0 | D:1      | Reached XP level 1. HP: 10/10 MP: 4/4
   310 | D:1      | Reached skill level 5 in Summonings
   350 | D:1      | Reached XP level 2. HP: 16/16 MP: 3/6
   431 | D:1      | Learned a level 2 spell: Call Imp
   939 | D:1      | Reached skill level 1 in Fighting
  1188 | D:1      | Reached XP level 3. HP: 3/20 MP: 2/7
  1192 | D:1      | Learned a level 3 spell: Call Canine Familiar
  1798 | D:1      | Found a faded altar of an unknown god.
  3305 | D:2      | Mangled by a worm

Illustrated notes

Levels and vault maps discovered:
D:1:      minmay_arrival_five_plusses, layout_loops_ring,
          hellmonk_ecumenical_altar_inner_sanctum, palyth_stone_intersect,
          st_stairs_2, minivault_27
D:2:      layout_basic

Skill      XL: |  1  2 |
---------------+-------+-----
Summonings     | 5 |  5.7
Fighting       | 1 |  1.4
Dodging        | |  2.1
Stealth        | |  2.0
Spellcasting   | |  2.5

Action                   || total
-------------------------++-------
Melee: Unarmed           ||    62
       Kick              ||    26
       Peck              ||    12
       Whip              ||    44
 Cast: Summon Small Mamm ||    19
       Call Imp          ||    13
  Use: Scroll            ||     1
       Potion            ||     1
 Stab: Sleeping          ||     2
Armor: Robe              ||    12
Dodge: Dodged            ||    73

Table legend: (Time is in decaauts)
 A = Elapsed time spent in this place.
 B = Non-inter-level travel time spent in this place.
 C = Inter-level travel time spent in this place.
 D = Time resting spent in this place.
 E = Time spent auto-exploring this place.
 F = Levels seen in this place.
 G = Mean time per level.
                   A        B        C        D        E       F      G
               +--------+--------+--------+--------+--------+-----+--------+
         Total |   3308 |   3276 |     32 |    453 |   2441 |   2 | 1654.0 |
       Dungeon |   3308 |   3276 |     32 |    453 |   2441 |   2 | 1654.0 |
               +--------+--------+--------+--------+--------+-----+--------+

Top non-repeatable levels by time:
     D:1: 2874 daAuts
     D:2: 434 daAuts
